 Dungeon Crawl Stone Soup version 0.31-a0-435-g2c6fae2916 (webtiles) character file.

Game seed: 15213298190062444700

22 randomguy2701 the Gusty (level 2, -7/24 HPs)
             Began as an Ogre Air Elementalist on Aug 2, 2023.
             Mangled by a worm (8 damage)
             ... on level 2 of the Dungeon.
             The game lasted 00:00:52 (843 turns).

randomguy2701 the Gusty (Ogre Air Elementalist)      Turns: 843, Time: 00:00:53

Health: -7/24      AC:  3    Str: 11    XL:     2   Next: 91%
Magic:  1/5        EV: 10    Int: 16    God:
Gold:   10         SH:  0    Dex:  9    Spells: 5/6 levels left

rFire   . . .        c - +0 club
rCold   . . .        (no shield)
rNeg    . . .        a - +0 robe
rPois   .            (helmet restricted)
rElec   .            (no cloak)
rCorr   .            (gloves unavailable)
SInv    .            (boots unavailable)
Will    .....        (no amulet)
Stlth   +            (no ring)
HPRegen 0.24/turn    (no ring)
MPRegen 0.09/turn

%: no passive effects
@: no status effects
A: large, unfitting armour, tough skin 1
a: no special abilities


You were on level 2 of the Dungeon.
You visited 1 branch of the dungeon, and saw 2 of its levels.

You collected 10 gold pieces.

Inventory:

Hand Weapons
 c - a +0 club (weapon)
Armour
 a - a +0 robe (worn)
Scrolls
 e - 2 scrolls of identify {unknown}
 f - a scroll of teleportation {unknown}
Potions
 b - a potion of magic
 d - a potion of lignification {unknown}
 g - a potion of cancellation {unknown}


   Skills:
 + Level 2.1 Dodging
 + Level 1.5 Stealth
 + Level 2.8 Spellcasting
 + Level 1.1 Conjurations
 + Level 3.0 Air Magic


You had 5 spell levels left.
You knew the following spells:

 Your Spells              Type           Power      Damage    Failure   Level
a - Shock                 Conj/Air       36%        1d5       9%          1

Your spell library contained the following spells:

 Spells                   Type           Power      Damage    Failure   Level
 Static Discharge         Conj/Air       18%        2-3/arc   12%         2
 Swiftness                Air            12%        N/A       16%         3
 Airstrike                Air            6%         2d(1-17)  47%         4


Dungeon Overview and Level Annotations

Branches:
Dungeon (2/15)

Altars:


Innate Abilities, Weirdness & Mutations

You are too large for most types of armour.
You have tough skin. (AC +1)


Message History

The worm is moderately wounded.
The worm bites you but does no damage.
The zap hits the worm.
The worm is heavily wounded.
The zap hits the worm.
The worm is heavily wounded.
The worm closely misses you.
The zap hits the worm.
The worm is severely wounded.
You are out of magic!
You are out of magic!
You are out of magic!
You barely miss the worm.
The worm is severely wounded.
The worm bites you.
You hit the worm.
The worm is almost dead.
The worm bites you!
You hit the worm.
The worm is almost dead.
The worm bites you!
* * * LOW HITPOINT WARNING * * *
You are too injured to fight recklessly!
You are too injured to fight recklessly!
You are too injured to fight recklessly!
You are too injured to fight recklessly!
You are too injured to fight recklessly!
You are too injured to fight recklessly!
You are too injured to fight recklessly!
You are too injured to fight recklessly!
You barely miss the worm.
The worm is severely wounded.
You hit the worm but do no damage.
The worm is severely wounded.
The worm bites you.
* * * LOW HITPOINT WARNING * * *
You hit the worm.
The worm is almost dead.
The worm bites you!
You die...

.# .# ..# .#
#.# .# #.# .#
#.# .# ##.##
r#
.#.###...###w#
...........@.#
#.###...#####
#. ##.## ##.#
#.# #...###.#
###.#.#<##.#
...........#
###(#.#.####
#...##


You could see a worm and a rat.

Vanquished Creatures
  2 ball pythons (D:1)
  A bat (D:1)
  4 endoplasms (D:1)
  3 giant cockroaches (D:1)
  2 goblins (D:1)
  2 quokkas (D:1)
  2 kobolds (D:1)
  2 rats (D:1)
18 creatures vanquished.

Notes
Turn   | Place    | Note
-------+----------+-------------------------------------------
     0 | D:1      | randomguy2701 the Ogre Air Elementalist began the quest for
                  | the Orb.
     0 | D:1      | Reached XP level 1. HP: 16/16 MP: 3/3
   200 | D:1      | Reached XP level 2. HP: 24/24 MP: 1/5
   277 | D:1      | Reached skill level 1 in Conjurations
   431 | D:1      | Reached skill level 3 in Air Magic
   842 | D:2      | HP: 1/24 [worm (5)]
   843 | D:2      | Mangled by a worm

Illustrated notes

Levels and vault maps discovered:
D:1:      minmay_arrival_solitary_statue, layout_basic, minmay_tiny_reverse_x
D:2:      layout_loops_ring, uniq_jessica

Skill      XL: |  1  2 |
---------------+-------+-----
Dodging        | 2 |  2.1
Conjurations   | 1 |  1.1
Air Magic      | 3 |  3.0
Stealth        | |  1.5
Spellcasting   | |  2.8

Action                     || total
---------------------------++-------
  Melee: Unarmed           ||     8
         Club              ||    14
   Cast: Shock             ||    37
 Armour: Robe              ||     4
  Dodge: Dodged            ||    14

Table legend: (Time is in decaauts)
 A = Elapsed time spent in this place.
 B = Non-inter-level travel time spent in this place.
 C = Inter-level travel time spent in this place.
 D = Time resting spent in this place.
 E = Time spent auto-exploring this place.
 F = Levels seen in this place.
 G = Mean time per level.
                   A        B        C        D        E       F      G
               +--------+--------+--------+--------+--------+-----+--------+
         Total |    846 |    808 |     38 |      0 |    704 |   2 |  423.0 |
       Dungeon |    846 |    808 |     38 |      0 |    704 |   2 |  423.0 |
               +--------+--------+--------+--------+--------+-----+--------+

Top non-repeatable levels by time:
     D:1: 820 daAuts
     D:2: 25 daAuts
